 Dungeon Crawl Stone Soup version 0.16-a0-734-gc254e8c (webtiles) character file.

706 Afay the Cutter (level 8, -3/69 HPs)
             Began as a Kobold Berserker on Sept 22, 2014.
             Was a Priest of Trog.
             Slain by a gnoll
             ... wielding a +0 halberd
              (9 damage)
             ... on Level 4 of the Dungeon.
             The game lasted 00:08:22 (3249 turns).

Afay the Cutter (Kobold Berserker)                  Turns: 3249, Time: 00:08:22

HP  -3/69        AC  9     Str 22      XL: 8   Next:  0%
MP   8/8         EV  9     Int  5      God: Trog [***...]
Gold 128         SH  0     Dex 16      Spells:  0 memorised,  7 levels left

rFire  . . .     SeeInvis .     q - +2 dagger (elec)
rCold  . . .     Clarity  .     f - +0 chain mail
rNeg   . . .     rCorr    .     (no shield)
rPois  .         rRot     .     (no helmet)
rElec  .         Spirit   .     (no cloak)
SustAb .         Warding  .     (no gloves)
rMut   .         Stasis   .     (no boots)
Gourm  .                        (no amulet)
MR     ++...                    (no ring)
                                (no ring)

@: berserking, lethally poisoned, regenerating, very quick, very resistant to
hostile enchantments, extremely unstealthy
A: carnivore 3
a: Burn Spellbooks, Berserk, Trog's Hand, Renounce Religion


You were on level 4 of the Dungeon.
You worshipped Trog.
Trog was most pleased with you.
You were full.

You visited 1 branch of the dungeon, and saw 4 of its levels.

You collected 128 gold pieces.

Inventory:

Hand weapons
 q - a +2 dagger of electrocution (weapon)
Armour
 f - a +0 chain mail (worn)
Magical devices
 j - a wand of random effects (11) {unknown}
Comestibles
 c - a meat ration
Scrolls
 a - 3 scrolls of amnesia {unknown}
 b - a scroll of random uselessness {unknown}
 d - 3 scrolls of identify {unknown}
 e - 2 scrolls of fear {unknown}
 i - a scroll of remove curse {unknown}
 k - a scroll of fog {unknown}
 l - 2 scrolls of teleportation {unknown}
 m - a scroll of enchant armour {unknown}
 o - a scroll of immolation {unknown}
Potions
 g - 2 potions of degeneration {unknown}
 h - a potion of heal wounds {unknown}
 n - a potion of haste {unknown}
 p - a potion of resistance {unknown}


   Skills:
 - Level 3.2 Fighting
 + Level 6.5 Short Blades
 * Level 4.2 Armour
 * Level 6.5 Dodging
 + Level 1.5 Stealth


You had 7 spell levels left.
You didn't know any spells.

Dungeon Overview and Level Annotations

Branches:
Dungeon (4/15)
 Temple: D:4-7

Altars:
Makhleb
Zin

Portals:
Ossuary: D:4


Innate Abilities, Weirdness & Mutations

You are small and have problems with some larger weapons.
You are carnivorous and can eat meat at any time.


Message History

The gnoll hits you from afar with a halberd!
* * * LOW HITPOINT WARNING * * *
The adder bites you but does no damage.
You continue eating.
The gnoll hits you from afar with a halberd!
* * * LOW HITPOINT WARNING * * *
The adder bites you but does no damage.
You finish eating.
That meat ration really hit the spot!
The adder barely misses you.
You feel the effects of Trog's Hand fading.
The adder bites you.
* * * LOW HITPOINT WARNING * * *
You are poisoned.
The adder poisons you!
Use which ability? (? or * to list)
A red film seems to cover your vision as you go berserk!
You feel yourself moving faster!
You feel mighty!
You feel somewhat less full.
You feel sick. The adder barely misses you.
The gnoll hits you from afar with a halberd!
You die...

#...###.#........#
....###.#........#
#.........#...(..#
###.###...#......#
###.# #...#......#
#<..#
#...#......###
#####
#...#........#
#########..#.#
#...@..# #.#.#S.##
...#.#.g.# .#
#.###g### ...
#...# ## ###.# #.#
# ###.# ... #..g#


You could see 2 gnolls and an adder.

Vanquished Creatures
  Grinder (D:3)
  Eustachio (D:4)
  A necrophage (D:4)
  Blork the orc (D:4)
  Natasha (D:4)
  An iguana (D:4)
  Ijyb (D:3)
  A gnoll (D:4)
  A scorpion zombie (D:3)
  4 adders
  A worm (D:3)
  A giant gecko (D:3)
  2 oozes (D:2)
  2 orcs (D:3)
  8 bats
  2 giant cockroaches
  9 goblins
  8 hobgoblins
  7 jackals
  A quokka (D:4)
  2 ball pythons
  3 giant newts
  4 kobolds
  12 rats
75 creatures vanquished.

Notes
Turn   | Place    | Note
--------------------------------------------------------------
     0 | D:1      | Afay, the Kobold Berserker, began the quest for the Orb.
     0 | D:1      | Reached XP level 1. HP: 14/14 MP: 1/1
   167 | D:1      | Reached XP level 2. HP: 6/19 MP: 2/2
   700 | D:1      | Acquired Trog's second power
   756 | D:1      | Reached XP level 3. HP: 21/23 MP: 3/3
  1275 | D:2      | Found a burning altar of Makhleb.
  1276 | D:2      | Noticed a green death
  1279 | D:2      | Found a glowing silver altar of Zin.
  1279 | D:2      | Noticed an angel
  1291 | D:2      | Reached skill level 5 in Short Blades
  1530 | D:2      | Reached XP level 4. HP: 26/28 MP: 4/4
  1883 | D:3      | Noticed Grinder
  1890 | D:3      | Killed Grinder
  1890 | D:3      | Reached skill level 6 in Short Blades
  1890 | D:3      | Reached skill level 5 in Dodging
  1890 | D:3      | Reached skill level 1 in Stealth
  1890 | D:3      | Reached XP level 5. HP: 25/32 MP: 5/5
  1890 | D:3      | Reached XP level 6. HP: 28/37 MP: 6/6
  1892 | D:3      | Noticed Ijyb
  1930 | D:3      | Killed Ijyb
  2874 | D:4      | Noticed Natasha
  2882 | D:4      | Killed Natasha
  2882 | D:4      | Reached XP level 7. HP: 37/41 MP: 7/7
  3146 | D:4      | Noticed Eustachio
  3147 | D:4      | Found a sand-covered staircase.
  3147 | D:4      | Noticed Blork the orc
  3165 | D:4      | Killed Eustachio
  3170 | D:4      | Killed Blork the orc
  3233 | D:4      | Reached XP level 8. HP: 16/46 MP: 8/8
  3242 | D:4      | HP: 1/46 [gnoll/halberd (11)]
  3249 | D:4      | Slain by a gnoll

Action                   |  1- 3 |  4- 6 |  7- 9 || total
-------------------------+-------+-------+-------++-------
Melee: Short sword       |   152 |   162 |       ||   314
       Dagger            |       |    22 |    44 ||    66
Invok: Berserk           |     1 |     1 |     2 ||     4
       Trog's Hand       |     1 |     1 |     1 ||     3
 Stab: Sleeping          |     2 |       |       ||     2
  Eat: Chunk             |     4 |     5 |       ||     9
       Meat ration       |       |       |     1 ||     1
